 Dungeon Crawl Stone Soup version 0.21.1-1-g345015f (webtiles) character file.

44088 wojtek the Cleaver (level 13, -7/122 HPs)
             Began as a Minotaur Fighter on Apr 1, 2018.
             Was a High Priest of Makhleb.
             Mangled by an orc knight
             ... wielding a +3 great sword
              (19 damage)
             ... on level 2 of the Orcish Mines.
             The game lasted 00:46:33 (20091 turns).

wojtek the Cleaver (Minotaur Fighter)              Turns: 20091, Time: 00:46:34

Health: -7/122     AC: 21    Str: 25    XL:     13   Next: 94%
Magic:  18/18      EV: 12    Int:  6    God:    Makhleb [*****.]
Gold:   1071       SH:  4    Dex: 10    Spells: 12/12 levels left

rFire    . . .     SeeInvis .   D - +0 battleaxe
rCold    + . .     Gourm    .   (shield currently unavailable)
rNeg     . . .     Faith    .   o - +0 plate armour
rPois    .         Spirit   .   c - +0 hat
rElec    .         Reflect  +   (no cloak)
rCorr    .         Harm     .   P - +0 pair of gloves
MR       .....                  U - +2 pair of boots
Stlth    ..........             y - +4 amulet of reflection
HPRegen  0.30/turn              T - ring of protection from cold
MPRegen  0.16/turn              (no ring)

@: no status effects
A: retaliatory headbutt, horns 2
a: Minor Destruction, Lesser Servant of Makhleb, Major Destruction, Greater
Servant of Makhleb, Renounce Religion


You were on level 2 of the Orcish Mines.
You worshipped Makhleb.
Makhleb was extremely pleased with you.
You were not hungry.

You visited 4 branches of the dungeon, and saw 18 of its levels.
You also visited: Labyrinth.

You collected 1071 gold pieces.

Inventory:

Hand Weapons
 C - a +1 vampiric hand axe
 D - a +0 battleaxe (weapon)
Missiles
 N - 2 throwing nets (quivered)
Armour
 c - a +0 hat (worn)
 o - a +0 plate armour (worn)
 P - a +0 pair of gloves (worn)
 U - a +2 pair of boots (worn)
 Z - a +1 chain mail of cold resistance
Jewellery
 b - an uncursed ring of ice
 t - an uncursed ring of stealth
 y - a +4 amulet of reflection (around neck)
 O - an uncursed amulet of regeneration
 T - a ring of protection from cold (left hand)
Wands
 A - a wand of enslavement (16)
 F - a wand of acid (8)
 J - a wand of disintegration (33)
 L - a wand of flame (65)
 R - a wand of clouds (9)
 X - a wand of iceblast (16)
 Y - a wand of paralysis (25)
Scrolls
 e - 3 scrolls of teleportation
 h - 5 scrolls of identify
 i - 2 scrolls of immolation {unknown}
 k - 5 scrolls of amnesia
 l - 4 scrolls of enchant weapon {unknown}
 n - 7 scrolls of remove curse
 q - a scroll of blinking
 s - 6 scrolls of magic mapping
 w - 3 scrolls of random uselessness {unknown}
 M - 3 scrolls of fear {unknown}
 Q - 4 scrolls of fog
 S - 2 scrolls of brand weapon {unknown}
 W - 2 scrolls of enchant armour {unknown}
Potions
 d - 2 potions of might
 g - a potion of agility
 j - 9 potions of curing
 m - 5 potions of lignification
 p - 2 potions of resistance
 r - 3 potions of invisibility
 u - 8 potions of heal wounds
 E - a potion of cancellation
 H - 2 potions of brilliance {unknown}
 K - 2 potions of flight
Miscellaneous
 v - a phial of floods (inert)
 V - 2 boxes of beasts
Comestibles
 a - 3 chunks of flesh
 f - 37 rations


   Skills:
 + Level 13.1 Fighting
 + Level 14.3 Axes
 + Level 14.2 Armour
 + Level 11.5 Dodging
   Level 3.6 Shields
 * Level 9.1 Invocations


You had 12 spell levels left.
You didn't know any spells.

Dungeon Overview and Level Annotations

Branches:
Dungeon (12/15)            Temple (1/1) D:5            Lair (3/6) D:10
  Swamp (0/4) Lair:3          Orc (2/2) D:12
  Snake: Lair:2-4    Spider: Lair:2-4       Elf: Orc:2

Altars:
Ashenzari
Cheibriados
Dithmenos
Elyvilon
Fedhas
Gozag
Hepliaklqana
Kikubaaqudgha
Makhleb
Nemelex Xobeh
Okawaru
Qazlal
Ru
Sif Muna
Trog
Uskayaw
Vehumet
Wu Jian
Xom
Yredelemnul
Zin
The Shining One

Shops:
D:9 :   D:11 ?*[%

Annotations:
D:6 ogre


Innate Abilities, Weirdness & Mutations

You reflexively headbutt those who attack you in melee.
You have a pair of horns on your head.


Message History

You hit the orc knight but do no damage.
You headbutt the orc knight, but do no damage.
The orc knight is severely wounded.
The orc warrior closely misses you.
The orc knight hits you with an enchanted great sword!!
The orc priest calls upon Beogh to heal the orc knight.
The orc knight is healed somewhat.
You barely miss the orc knight. Your headbutt misses the orc knight.
The orc knight is severely wounded.
The orc warrior hits you but does no damage.
The orc knight hits you with an enchanted great sword!
The orc priest calls down the wrath of Beogh upon you.
Beogh smites you!
* * * LOW HITPOINT WARNING * * *
You closely miss the orc knight.
The orc knight is severely wounded.
The orc warrior hits you from afar with a halberd!
* * * LOW HITPOINT WARNING * * *
The orc knight hits you with an enchanted great sword!!
You die...

###.## ##.... .#... ###
###<...# .......
##.###....#.##..#.....
##...#....#.......#.#..
##....##......##........
##.....###.............#.#
##......o##))#..........#..
#.......oo@)..#............
##.############............
######.######
#........#..#.
#.....o....o###
#.........#≈≈≈
...####o####o..##
#....#.....≈## #o#
###..###.........)≈#. #4#
##..##..#.......['( #o#
##.##...........[[ #.#
#.##..........)')


You could see an orc knight, an orc warrior and an orc priest.

Vanquished Creatures
  An orc warlord (Orc:1)
  Snorg (Lair:3)
  A minotaur (Lab)
  Fannar (Lair:2)
  Harold (D:10)
  A queen ant (D:9)
  6 two-headed ogres
  The ghost of aMcNicky the Cleaver, a novice HOMo of Hepliaklqana (D:10)
  An orc high priest (Orc:2)
  Nergalle (Lair:1)
  3 unseen horrors
  2 orc knights
  3 orc sorcerers (Orc:2)
  2 ugly things
  A cyclops (D:12)
  6 spiny frogs
  A kobold demonologist (D:11)
  4 komodo dragons
  A minotaur zombie (Lab)
  The ghost of keltmir the Magician, a novice DECj of Dithmenos (D:6)
  6 trolls
  Prince Ribbit (D:7)
  A hornet (D:8)
  6 hippogriffs
  A redback (Lab)
  A basilisk (Lair:1)
  A shadow (D:12)
  15 yaks
  2 wraiths (D:12)
  2 hungry ghosts
  The ghost of Lucio the Charlatan, an amateur GnAr (D:4)
  21 soldier ants
  Menkaure (D:7)
  5 wargs
  An acid dragon (D:11)
  5 water moccasins
  Duvessa (D:7)
  17 orc warriors
  7 porcupines
  5 sky beasts
  2 eyes of draining (D:11)
  4 ice beasts
  A necrophage (D:10)
  3 phantoms
  35 wolves
  3 centaurs
  9 ogres
  7 crocodiles
  4 big kobolds
  Blork the orc (D:4)
  12 bullfrogs
  A wyvern zombie (D:9)
  A gnoll sergeant (D:5)
  A water moccasin skeleton (D:10)
  4 scorpions
  Dowan (D:7)
  10 killer bees
  16 wights
  A troll skeleton (Lab)
  8 crimson imps
  10 howler monkeys
  2 bullfrog zombies
  2 jellies
  A gnoll shaman (D:9)
  13 orc priests
  3 bullfrog skeletons
  9 centaur skeletons
  19 orc wizards
  4 hounds
  Ijyb (D:4)
  Jessica (D:6)
  28 worker ants
  2 ogre skeletons (Lab)
  2 hound skeletons
  A hound zombie (D:10)
  2 worker ant zombies (D:10)
  Robin (D:2)
  17 gnolls
  12 adders
  2 shadow imps
  A worm (D:2)
  2 adder skeletons
  2 dart slugs (D:1)
  3 leopard geckos
  84 orcs
  3 ball pythons
  8 bats
  2 giant cockroaches
  10 goblins
  6 hobgoblins
  3 jackals (D:1)
  28 kobolds
  A quokka (D:4)
  5 frilled lizards
  A jackal zombie (D:6)
  2 rats
  A fungus (Lair:1)
557 creatures vanquished.

Vanquished Creatures (collateral kills)
  2 hydras
  Sonja (D:12)
  A kobold demonologist (D:11)
  A polar bear (Lair:3)
  A phantom (D:11)
  2 wights (D:12)
  An electric eel (Lair:3)
  2 howler monkeys (D:11)
  An adder (D:11)
12 creatures vanquished.

Vanquished Creatures (others)
  An electric eel (Lair:3)
  An orc wizard (D:4)
  2 orcs
  A kobold (D:11)
  4 fungi
9 creatures vanquished.

Grand Total: 578 creatures vanquished

Notes
Turn   | Place    | Note
-------+----------+-------------------------------------------
     0 | D:1      | wojtek the Minotaur Fighter began the quest for the Orb.
     0 | D:1      | Reached XP level 1. HP: 19/19 MP: 0/0
    62 | D:1      | Reached XP level 2. HP: 24/26 MP: 1/1
   575 | D:2      | Reached XP level 3. HP: 31/31 MP: 2/2
  1292 | D:2      | Noticed Robin
  1299 | D:2      | Killed Robin
  1299 | D:2      | Reached XP level 4. HP: 37/39 MP: 3/3
  1409 | D:2      | Found a radiant altar of Vehumet.
  1761 | D:3      | Reached skill level 5 in Axes
  2018 | D:3      | Found a glowing silver altar of Zin.
  2088 | D:3      | Noticed a bullfrog
  2093 | D:3      | Killed a bullfrog
  2093 | D:3      | Reached skill level 5 in Armour
  2093 | D:3      | Reached XP level 5. HP: 43/45 MP: 4/4
  2436 | D:4      | Noticed Blork the orc
  2490 | D:4      | Killed Blork the orc
  2492 | D:4      | Reached XP level 6. HP: 12/51 MP: 5/5
  3005 | D:4      | Noticed Lucio's ghost (amateur GnAr)
  3706 | D:4      | Noticed Ijyb
  3718 | D:4      | Killed Ijyb
  3784 | D:4      | Found a white marble altar of Elyvilon.
  3825 | D:5      | Entered Level 5 of the Dungeon
  3879 | D:5      | Found a basalt altar of Yredelemnul.
  3905 | D:5      | Noticed a water moccasin
  3914 | D:5      | Killed a water moccasin
  3914 | D:5      | Reached XP level 7. HP: 56/57 MP: 6/6
  4275 | D:5      | Reached skill level 1 in Dodging
  4707 | D:5      | Found a staircase to the Ecumenical Temple.
  4740 | Temple   | Entered the Ecumenical Temple
  4926 | Temple   | Became a worshipper of Makhleb the Destroyer
  5228 | D:6      | Reached XP level 8. HP: 67/67 MP: 7/7
  5363 | D:6      | Reached skill level 5 in Fighting
  5419 | D:6      | Noticed keltmir's ghost (novice DECj)
  5718 | D:6      | Killed keltmir's ghost
  5974 | D:6      | Found an ancient bone altar of Kikubaaqudgha.
  5974 | D:6      | Found a blossoming altar of Fedhas.
  6214 | D:6      | Reached * piety under Makhleb
  6222 | D:6      | Reached XP level 9. HP: 67/78 MP: 8/8
  6447 | D:6      | Found a sparkling altar of Nemelex Xobeh.
  6447 | D:6      | Noticed Jessica
  6451 | D:6      | Killed Jessica
  6679 | D:4      | You fall through a shaft for 3 floors!
  6779 | D:7      | Noticed Prince Ribbit
  6788 | D:7      | Found a sparkling altar of Nemelex Xobeh.
  6798 | D:7      | Killed Prince Ribbit
  6798 | D:7      | Reached skill level 5 in Dodging
  6820 | D:7      | Found a hide-covered altar of Uskayaw.
  6942 | D:7      | Noticed a two-headed ogre
  7074 | D:4      | Found a white marble altar of Elyvilon.
  7184 | D:4      | Killed Lucio's ghost
  7385 | D:7      | Noticed Menkaure
  7400 | D:7      | Killed Menkaure
  8004 | D:7      | Reached skill level 10 in Axes
  8046 | D:7      | Noticed Dowan
  8048 | D:7      | Noticed Duvessa
  8052 | D:7      | Killed Dowan
  8058 | D:7      | Killed Duvessa
  8060 | D:7      | Reached skill level 10 in Armour
  8389 | D:8      | Noticed a two-headed ogre
  8486 | D:8      | Killed a two-headed ogre
  8486 | D:8      | Reached XP level 10. HP: 80/89 MP: 9/9
  8533 | D:8      | Reached ** piety under Makhleb
  8717 | D:8      | Noticed a two-headed ogre
  8719 | D:8      | Paralysed by a hornet for 3 turns
  8725 | D:8      | Paralysed by a hornet for 3 turns
  8740 | D:8      | Killed a two-headed ogre
  9330 | D:6      | Found a sparkling altar of Nemelex Xobeh.
  9502 | D:6      | Found an ancient bone altar of Kikubaaqudgha.
  9502 | D:6      | Found a blossoming altar of Fedhas.
  9626 | D:6      | Killed a two-headed ogre
  9791 | D:9      | Noticed a two-headed ogre
  9802 | D:9      | Killed a two-headed ogre
  9802 | D:9      | Reached XP level 11. HP: 79/99 MP: 10/10
  9806 | D:9      | Reached *** piety under Makhleb
  9829 | D:9      | Found a sacrificial altar of Ru.
  9869 | D:9      | Reached skill level 10 in Fighting
  9873 | D:9      | Noticed a two-headed ogre
  9882 | D:9      | Killed a two-headed ogre
 10557 | D:9      | Noticed a queen ant
 10585 | D:9      | Killed a queen ant
 10707 | D:9      | Reached **** piety under Makhleb
 10789 | D:9      | Found Mon Tet's Book Emporium.
 11332 | D:10     | Entered Level 10 of the Dungeon
 11342 | D:10     | Noticed aMcNicky's ghost (novice HOMo)
 11629 | D:10     | Noticed Harold
 11637 | D:10     | Killed Harold
 11637 | D:10     | Reached skill level 1 in Invocations
 11775 | D:10     | Reached ***** piety under Makhleb
 11854 | D:9      | Reached XP level 12. HP: 90/110 MP: 12/12
 12726 | D:10     | Found a staircase to the Lair.
 12738 | Lair:1   | Entered Level 1 of the Lair of Beasts
 12842 | Lair:1   | Noticed Nergalle
 12857 | Lair:1   | Killed Nergalle
 13354 | Lair:1   | Reached skill level 10 in Dodging
 14234 | Lair:2   | Noticed Fannar
 14254 | Lair:2   | Killed Fannar
 14254 | Lair:2   | Reached skill level 5 in Invocations
 14712 | Lair:3   | Found a staircase to the Swamp.
 14726 | Lair:3   | Noticed a five-headed hydra
 14731 | Lair:3   | Noticed a green death
 14748 | Lair:3   | Noticed Snorg
 14759 | Lair:3   | Found a labyrinth entrance.
 14768 | Lab      | Entered a labyrinth
 15080 | Lab      | Noticed a minotaur
 15089 | Lab      | Killed a minotaur
 15283 | Lair:3   | Killed Snorg
 15299 | Lair:3   | Reached XP level 13. HP: 49/118 MP: 16/16
 16608 | D:10     | Killed aMcNicky's ghost
 16806 | D:11     | Found Ceog's Magic Scroll Shoppe.
 16878 | D:11     | Got a jewelled mace
 16885 | D:11     | Found Ycvepsoonk's Assorted Antiques.
 16930 | D:11     | Found Axilinte's Food Shoppe.
 16996 | D:11     | Found a glowing golden altar of the Shining One.
 17391 | D:11     | Found Mechiatt's Antique Armour Shoppe.
 17803 | D:12     | Noticed Sonja
 18323 | D:12     | Found a staircase to the Orcish Mines.
 18919 | D:12     | Killed Sonja
 19243 | Orc:1    | Entered Level 1 of the Orcish Mines
 19373 | Orc:2    | Entered Level 2 of the Orcish Mines
 19511 | Orc:2    | Noticed an orc warlord
 19655 | Orc:1    | Killed an orc warlord
 19856 | Orc:2    | Paralysed by an orc sorcerer for 6 turns
 20052 | Orc:2    | Paralysed by an orc sorcerer for 2 turns
 20091 | Orc:2    | Mangled by an orc knight

Skill      XL: |  1  2  3  4  5  6  7  8  9 10 11 12 13 |
---------------+----------------------------------------+-----
Axes           | 3 4 5 6 7 8 9 10 11 12 13 14 | 14.3
Armour         | 4 5 7 8 10 11 12 13 14 | 14.2
Fighting       | 4 6 8 9 11 12 13 | 13.1
Dodging        | 1 4 6 8 9 10 11 | 11.5
Invocations    | 1 6 9 |  9.1
Shields        | |  3.6

Action                   |  1- 3 |  4- 6 |  7- 9 | 10-12 | 13-15 || total
-------------------------+-------+-------+-------+-------+-------++-------
Melee: War axe           |    88 |    72 |       |       |       ||   160
       Headbutt          |     8 |    24 |    44 |   144 |   107 ||   327
       Battleaxe         |       |   146 |   268 |   761 |   516 ||  1691
       Broad axe         |       |       |       |       |     1 ||     1
Invok: Lesser Servant of |       |       |       |     4 |    11 ||    15
       Greater Servant o |       |       |       |     1 |       ||     1
Evoke: Wand              |       |       |     6 |     2 |     3 ||    11
       Phial of floods   |       |       |       |       |     1 ||     1
  Use: Scroll            |       |     3 |       |     9 |     6 ||    18
       Potion            |       |       |       |     2 |     1 ||     3
  Eat: Chunk             |     1 |     9 |    11 |    20 |    16 ||    57
       Ration            |       |       |     1 |     3 |       ||     4
Armor: Scale mail        |    18 |       |       |       |       ||    18
       Plate armour      |    48 |   202 |   184 |   576 |   293 ||  1303
Dodge: Dodged            |    20 |    47 |   120 |   456 |   252 ||   895
Block: Shield            |    58 |    43 |       |       |       ||   101
       Other             |       |     4 |    51 |   164 |    98 ||   317
       Reflection        |       |       |     2 |       |     5 ||     7
